 Dungeon Crawl Stone Soup version 0.30.1-9-gdf580d7c3d (webtiles) character file.

Game seed: 5214942121738577282

9 ChiefBigBeans the Stinger (level 2, 0/22 HPs)
             Began as a Naga Venom Mage on Oct 3, 2023.
             Slain by an adder (4 damage)
             ... on level 2 of the Dungeon.
             The game lasted 00:01:24 (651 turns).

ChiefBigBeans the Stinger (Naga Venom Mage)          Turns: 651, Time: 00:01:24

Health: 0/22       AC:  2    Str: 10    XL:     2   Next: 12%
Magic:  4/5        EV:  9    Int: 15    God:
Gold:   53         SH:  0    Dex: 11    Spells: 4/5 levels left

rFire   . . .        d - +0 club
rCold   . . .        (no shield)
rNeg    . . .        a - +0 robe
rPois   +            (no helmet)
rElec   .            (no cloak)
rCorr   .            f - +0 pair of gloves
SInv    +            (no barding)
Will    .....        (no amulet)
Stlth   ++           (no ring)
HPRegen 0.23/turn    (no ring)
MPRegen 0.09/turn

%: no passive effects
@: short of breath, very slow
A: AC +0, large, see invisible, deformed body, poison resistance, slowness 2,
spit poison 1, naga tail 1
a: Spit Poison


You were on level 2 of the Dungeon.
You visited 1 branch of the dungeon, and saw 2 of its levels.

You collected 53 gold pieces.

Inventory:

Hand Weapons
 d - a +0 club (weapon)
Missiles
 g - a throwing net
Armour
 a - a +0 robe (worn)
 f - a +0 pair of gloves (worn)
Scrolls
 e - a scroll of blinking {unknown}
 h - a scroll of enchant weapon {unknown}
Potions
 b - a potion of magic
 c - a potion of berserk rage {unknown}
 i - a potion of lignification {unknown}
 j - a potion of degeneration {unknown}
 k - a potion of might {unknown}
 l - a potion of curing {unknown}


   Skills:
 - Level 1.6 Dodging
 + Level 3.4 Stealth
 + Level 2.1 Spellcasting
 - Level 1.1 Transmutations
 + Level 4.2 Poison Magic


You had 4 spell levels left.
You knew the following spells:

 Your Spells              Type           Power      Damage    Failure   Level
a - Sting                 Tmut/Pois      36%        1d4       8%          1

Your spell library contained the following spells:

 Spells                   Type           Power      Damage    Failure   Level
 Poisonous Vapours        Pois/Air       16%        N/A       14%         2
 Mephitic Cloud           Conj/Pois/Air  5%         N/A       36%         3
 Olgreb's Toxic Radiance  Pois           14%        N/A       36%         4
 Ozocubu's Armour         Ice            1%         N/A       54%         3
 Ozocubu's Refrigeration  Ice            0%         4d7       100%        7


Dungeon Overview and Level Annotations

Branches:
Dungeon (2/15)

Altars:


Innate Abilities, Weirdness & Mutations

Your serpentine skin is tough. (AC +0)
You have supernaturally acute eyesight. (SInv)
Armour fits poorly on your strangely shaped body.
Your system is resistant to poisons. (rPois)
You cover ground very slowly.
You can spit poison.
You have a snake-like lower body.


Message History

The adder is moderately wounded.
The adder barely misses you. The adder bites you.
You closely miss the adder.
The adder is heavily wounded.
The adder bites you.
You barely miss the adder.
The adder is heavily wounded.
The adder looks more healthy.
The adder bites you.
You are poisoned.
The adder poisons you! The adder barely misses you.
You hit the adder but do no damage.
The adder is heavily wounded.
You feel sick. The adder completely misses you. The adder bites you.
You miss the adder.
The adder is heavily wounded.
You feel sick. The adder bites you. x2
You are too injured to fight recklessly!
You are too injured to fight recklessly!
Aiming: Sting (safe; 8% risk of failure)
Press: ? - help, Q - select action, (/) - cycle Shift-Dir - straight line, f/p - adder
Aim: an adder (heavily wounded, 48% to hit)
The sting hits the adder.
The adder is poisoned.
The adder is severely wounded.
You feel sick. The adder barely misses you.
Unknown command.
Aiming: Spit Poison (2% risk of failure)
Press: ? - help, Shift-Dir - straight line, f/p - adder
Aim: an adder (almost dead, poisoned, 37% to hit)
The splash of poison hits the adder but does no damage.
The adder looks even sicker.
The adder is almost dead.
You feel sick. The adder bites you.
* * * LOW HITPOINT WARNING * * *
Unknown command.
You hit the adder but do no damage.
The adder is almost dead.
You feel sick.
You are no longer poisoned.
The adder bites you.
You die...

#... #.# #......#.. ..
#...# ♣.♣ #..###....
♣..#...# #.###..###....
♣..#...# #...)....#....
♣♣...##.###........#....
P.♣................#...P
P...##..............###.
..P.PP..............# P
.P..P..@.............. P
.P♣♣♣.S########.####..♣


PP.. #.# .P. ..P.. # ....... ....... ....... ....... You could see an adder
(very poisoned).

Vanquished Creatures
  A dart slug (D:1)
  A goblin (D:2)
  A hobgoblin (D:2)
  A ball python (D:1)
  2 kobolds
  A rat (D:1)
7 creatures vanquished.

Notes
Turn   | Place    | Note
-------+----------+-------------------------------------------
     0 | D:1      | ChiefBigBeans the Naga Venom Mage began the quest for the
                  | Orb.
     0 | D:1      | Reached XP level 1. HP: 15/15 MP: 3/3
   147 | D:1      | Found a faded altar of an unknown god.
   603 | D:2      | Reached XP level 2. HP: 22/22 MP: 3/5
   651 | D:2      | Slain by an adder

Illustrated notes

Levels and vault maps discovered:
D:1:      dpeg_arrival_more_subterranean_lakeside_camping, layout_rooms,
          dreamdust_ecumenical_altar_statues
D:2:      layout_basic, serial_forest, infiniplex_forest_clump_double,
          infiniplex_forest_lined_2, infiniplex_forest_clump_double,
          infiniplex_forest_clump_long, infiniplex_forest_lined_corner,
          infiniplex_forest_lined_3_way

Action                     || total
---------------------------++-------
  Melee: Club              ||     9
   Cast: Sting             ||    10
Ability: Spit Poison       ||     5
  Dodge: Dodged            ||     8
